 Dungeon Crawl Stone Soup version bcrawl-1.26.1 (webtiles) character file.

Game seed: 6348224952775973887

178920 Freyura the Cutter (level 4, 0/34 HPs)
             Began as a Vampire Gladiator on July 11, 2020.
             Slain by a gnoll
             ... wielding a +3 halberd of flaming
              (4 damage)
             ... on level 3 of the Dungeon.
             The game lasted 00:07:00 (1502 turns).

Freyura the Cutter (Vampire Gladiator)              Turns: 1502, Time: 00:07:01

Health: 0/34       AC:  3    Str: 17    XL:     4   Next: 81%
Magic:  4/4        EV: 14    Int:  8    God:
Gold:   132        SH:  0    Dex: 15    Spells: 3/3 levels left

rFire    . . .     SeeInvis +   a - +0 rapier
rCold    + . .     Gourm    .   (no shield)
rNeg     + + .     Faith    .   i - +0 robe
rPois    ∞         Spirit   .   c - +0 helmet
rElec    .         Reflect  .   (no cloak)
rCorr    .         Harm     .   (no gloves)
MR       .....                  (no boots)
Stlth    +++++.....             (no amulet)
HPRegen  0.05/turn              (no ring)
MPRegen  0.09/turn              (no ring)

@: regenerating slowly
A: claws 1, fangs 3, see invisible, unbreathing
a: no special abilities


You were on level 3 of the Dungeon.
You were very thirsty.

You visited 1 branch of the dungeon, and saw 3 of its levels.

You collected 132 gold pieces.

Inventory:

Hand Weapons
 a - a +0 rapier (weapon)
Missiles
 d - 3 throwing nets {=f}
Armour
 c - a +0 helmet (worn)
 i - a +0 robe (worn)
Scrolls
 b - a scroll of enchant weapon {unknown}
 e - a scroll of teleportation {unknown}
 f - 2 scrolls of fog {unknown}
 h - 2 scrolls of enchant armour {unknown}
 j - a scroll of blinking {unknown}
 k - a scroll of identify
 m - a scroll of magic mapping {unknown}
Potions
 g - 4 potions of curing {unknown}
 l - a potion of brilliance {unknown}
 q - 3 potions of blood


   Skills:
 + Level 2.5 Fighting
 + Level 4.4 Short Blades
 - Level 1.5 Throwing
 + Level 4.0 Dodging
 * Level 4.4 Stealth


You had 3 spell levels left.
You didn't know any spells.
Your spell library was empty.

Dungeon Overview and Level Annotations

Branches:
Dungeon (3/12)

Altars:


Innate Abilities, Weirdness & Mutations

You heal slowly.
You are immune to poison.
You have sharp fingernails.
You have razor-sharp teeth.
You have supernaturally acute eyesight. (SInv)
You can survive without breathing.


Message History

You puncture the gnoll!
You kill the gnoll!
Your Dodging skill increases to level 4!
You barely miss the gnoll. You bite the gnoll.
You draw the gnoll's blood!
You feel better.
You feel slightly less thirsty.
The gnoll is lightly wounded.
The gnoll closely misses you. The gnoll misses you.
You barely miss the gnoll.
The gnoll is lightly wounded.
The gnoll closely misses you.
You hit the gnoll.
The gnoll is moderately wounded.
The gnoll hits you with a +0 flail! The gnoll closely misses you.
You hit the gnoll but do no damage.
The gnoll is moderately wounded.
The gnoll hits you with a +0 flail.
The gnoll hits you from afar with a +3 halberd of flaming!
* * * LOW HITPOINT WARNING * * *
The gnoll burns you.
You die...

#..........# #
#..........#
##########.###.#
........>......#
##########.#####
............#
#########.#.#######.
#....#.........
#@#############
######g#######
#......g..(..#
#.........)..#
..............#
##.......)....#
#............#
#............#
#..$.........#


You could see 2 gnolls.

Vanquished Creatures
  An orc wizard (D:3)
  An adder (D:3)
  2 gnolls (D:3)
  A shadow imp (D:3)
  3 worms
  A dart slug (D:2)
  3 leopard geckos
  A ball python (D:1)
  5 giant cockroaches
  6 goblins
  3 hobgoblins
  2 jackals (D:1)
  3 bats
  3 frilled lizards
  8 kobolds
  3 rats (D:1)
46 creatures vanquished.

Notes
Turn   | Place    | Note
-------+----------+-------------------------------------------
     0 | D:1      | Freyura the Vampire Gladiator began the quest for the Orb.
     0 | D:1      | Reached XP level 1. HP: 16/16 MP: 1/1
    25 | D:1      | Reached skill level 1 in Stealth
    35 | D:1      | Reached XP level 2. HP: 17/22 MP: 2/2
   453 | D:1      | Reached XP level 3. HP: 4/27 MP: 3/3
  1447 | D:3      | Reached XP level 4. HP: 34/34 MP: 4/4
  1502 | D:3      | Slain by a gnoll

Skill      XL: |  1  2  3  4 |
---------------+-------------+-----
Stealth        | 1 2 3 4 |  4.4
Fighting       | 2 |  2.5
Short Blades   | 4 |  4.4
Dodging        | 4 |  4.0
Throwing       | |  1.5

Action                   |  1- 3 |  4- 6 || total
-------------------------+-------+-------++-------
Melee: Rapier            |    87 |    16 ||   103
       Bite              |    10 |     2 ||    12
 Stab: Sleeping          |    14 |       ||    14
       Distracted        |     1 |       ||     1
Armor: Leather armour    |     6 |       ||     6
       Robe              |     5 |     1 ||     6
Dodge: Dodged            |    40 |    14 ||    54
